 Dungeon Crawl Stone Soup version 0.26-a0-1205-g4083c211ab (webtiles) character file.

Game seed: 17241340678198202806

112 KristoblXynda the Slasher (level 4, -16/57 HPs)
             Began as a Draconian Gladiator on Dec 29, 2020.
             Demolished by Sigmund
             ... wielding a +2 scythe of distortion
              (18 damage)
             ... on level 3 of the Dungeon.
             The game lasted 00:02:51 (2667 turns).

KristoblXynda the Slasher (Draconian Gladiator)     Turns: 2667, Time: 00:02:52

Health: -16/57     AC: 22    Str: 17    XL:     4   Next: 63%
Magic:  4/4        EV:  2    Int:  9    God:
Gold:   139        SH:  0    Dex: 12    Spells: 3/3 levels left

rFire    . . .     SeeInvis .   a - +0 long sword
rCold    . . .     Faith    .   (no shield)
rNeg     + + +     Spirit   .   (armour unavailable)
rPois    +         Reflect  .   (helmet currently unavailable)
rElec    .         Harm     .   (cloak currently unavailable)
rCorr    .         Rampage  .   (gloves currently unavailable)
Will     .....     NoTele   +   (boots currently unavailable)
Stlth    +.........             (no amulet)
HPRegen  0.19/turn              (no ring)
MPRegen  0.09/turn              (no ring)

@: brilliant, tree-form
A: unfitting armour, AC +5
a: no special abilities


You were on level 3 of the Dungeon.
You were a tree.
You visited 1 branch of the dungeon, and saw 3 of its levels.

You collected 139 gold pieces.

Inventory:

Hand Weapons
 a - a +0 long sword (weapon)
Missiles
 c - a throwing net (quivered)
Armour
 b - a +0 hat (melded)
 d - a +0 cloak (melded)
Wands
 n - a wand of flame (18)
Scrolls
 e - a scroll of teleportation
 f - a scroll of enchant armour {unknown}
 g - a scroll of magic mapping {unknown}
 h - a scroll of immolation
 i - a scroll of remove curse {unknown}
 o - a scroll of identify {unknown}
Potions
 j - a potion of degeneration {unknown}
 k - a potion of brilliance
 l - a potion of haste {unknown}


   Skills:
 + Level 3.2 Fighting
 * Level 4.3 Long Blades
 - Level 2.0 Throwing
 + Level 3.3 Dodging


You had 3 spell levels left.
You didn't know any spells.
Your spell library was empty.

Dungeon Overview and Level Annotations

Branches:
Dungeon (3/15)

Altars:
Elyvilon
Uskayaw

Annotations:
D:3 Grinder, Sigmund


Innate Abilities, Weirdness & Mutations

((Your plain brown scales are hard. (AC +5)))
You cannot fit into any form of body armour.
((You are cold-blooded and may be slowed by cold attacks.))


Message History

Sigmund points at himself and mumbles some strange words.
Sigmund flickers and vanishes!
Deactivating autopickup; reactivate with Ctrl-A.
Something wriggles in the net.
You barely miss something.
Something wriggles in the net.
All of a sudden the net rips apart!
You hit something. Something hits you!
* * * LOW HITPOINT WARNING * * *
You miss something. You tail-slap something.
Unknown command.
It was a potion of brilliance.
You feel clever all of a sudden. Something hits you.
* * * LOW HITPOINT WARNING * * *
It was a potion of lignification.
You turn into a tree.
Your +0 cloak melds into your body.
Your +0 hat melds into your body.
Your roots penetrate the ground.
Something hits you.
* * * LOW HITPOINT WARNING * * *
Space warps horribly around you!!
You die...

#.# #.#
##.###.#.# ..#
#.# #.# #.#.#
^## #.#
#.###.#.# ..
##.####.....#.#
#........####.#
#..#####.# #.#
#..# #.# #.#
#..# #.# #♣.#
#.#
#...{.........
....###.########
.. ..# ####


There were no monsters in sight!

Vanquished Creatures
  A worker ant (D:3)
  2 adders (D:2)
  An ufetubus (D:3)
  An ooze (D:1)
  A worm (D:2)
  2 leopard geckos
  An orc (D:3)
  A ball python (D:3)
  6 goblins
  11 hobgoblins
  11 bats
  4 frilled lizards
  7 kobolds
  5 rats
54 creatures vanquished.

Notes
Turn   | Place    | Note
-------+----------+-------------------------------------------
     0 | D:1      | KristoblXynda the Draconian Gladiator began the quest for
                  | the Orb.
     0 | D:1      | Reached XP level 1. HP: 17/17 MP: 1/1
     2 | D:1      | Noticed a human
     4 | D:1      | Noticed a merfolk
     4 | D:1      | Noticed a tengu
     6 | D:1      | Noticed a demigod
     6 | D:1      | Noticed a dwarf
     8 | D:1      | Noticed an octopode
     8 | D:1      | Noticed a formicid
    10 | D:1      | Noticed a vine stalker
    10 | D:1      | Noticed a halfling
    12 | D:1      | Noticed a spriggan
    12 | D:1      | Noticed a vampire
    14 | D:1      | Noticed a centaur
    16 | D:1      | Noticed a troll
    16 | D:1      | Noticed a demonspawn
    18 | D:1      | Noticed a felid
    18 | D:1      | Noticed a naga
    20 | D:1      | Noticed a gargoyle
    22 | D:1      | Noticed a minotaur
    22 | D:1      | Noticed a ghoul
    24 | D:1      | Noticed a draconian
    24 | D:1      | Noticed an ogre
    26 | D:1      | Noticed an elf
   125 | D:1      | Reached XP level 2. HP: 24/25 MP: 2/2
   666 | D:2      | Reached XP level 3. HP: 27/30 MP: 3/3
  1213 | D:2      | Found a white marble altar of Elyvilon.
  1724 | D:3      | Reached skill level 4 in Long Blades
  1724 | D:3      | Reached XP level 4. HP: 35/38 MP: 4/4
  2357 | D:3      | Noticed Grinder
  2492 | D:3      | Noticed a +0 dagger
  2592 | D:3      | Noticed a +0 hand axe
  2596 | D:3      | Found a hide-covered altar of Uskayaw.
  2650 | D:3      | Noticed Sigmund
  2667 | D:3      | HP: 2/57 [something (1)]
  2667 | D:3      | Demolished by Sigmund

Illustrated notes

Levels and vault maps discovered:
D:1:      kb_arrival_jail, layout_rooms, serial_bayou_pond_a,
          chequers_serial_rivers_small_3, amcnicky_mini_pool_small
D:2:      layout_loops_corners, marbit_many_paths
D:3:      minmay_spotlight, layout_loops_ring, dancing_weapons_uskayaw,
          uniq_sigmund, uniq_grinder

Skill      XL: |  1  2  3 |
---------------+----------+-----
Throwing       | 2 |  2.0
Dodging        | 3 |  3.3
Fighting       | 3 |  3.2
Long Blades    | 4 |  4.3

Action                   |  1- 3 |  4- 6 || total
-------------------------+-------+-------++-------
Melee: Long sword        |    97 |    52 ||   149
       Tailslap          |     9 |     9 ||    18
Throw: Throwing net      |       |     2 ||     2
  Use: Scroll            |       |     2 ||     2
       Potion            |       |     2 ||     2
 Stab: Sleeping          |       |     1 ||     1
Armor: Skin              |    36 |    17 ||    53
Dodge: Dodged            |    82 |    50 ||   132
       Rpst.: Long sword |    22 |    10 ||    32

Table legend: (Time is in decaauts)
 A = Elapsed time spent in this place.
 B = Non-inter-level travel time spent in this place.
 C = Inter-level travel time spent in this place.
 D = Time resting spent in this place.
 E = Time spent auto-exploring this place.
 F = Levels seen in this place.
 G = Mean time per level.
                   A        B        C        D        E       F      G
               +--------+--------+--------+--------+--------+-----+--------+
         Total |   2700 |   2681 |     19 |    519 |   1707 |   3 |  900.0 |
       Dungeon |   2700 |   2681 |     19 |    519 |   1707 |   3 |  900.0 |
               +--------+--------+--------+--------+--------+-----+--------+

Top non-repeatable levels by time:
     D:2: 1079 daAuts
     D:3: 973 daAuts
     D:1: 647 daAuts
